 Dungeon Crawl Stone Soup version 0.27.1-1-g398f81649c (webtiles) character file.

Game seed: 7087325704922495292

129 ZARRMARR the Sneak (level 5, 0/33 HPs)
             Began as an Octopode Earth Elementalist on Sept 7, 2021.
             Slain by an adder (3 damage)
             ... on level 3 of the Dungeon.
             The game lasted 00:09:32 (2824 turns).

ZARRMARR the Sneak (Octopode Earth Elementalist)    Turns: 2824, Time: 00:09:33

Health: 0/33       AC:  1    Str:  8    XL:     5   Next: 12%
Magic:  8/9        EV: 13    Int: 18    God:
Gold:   82         SH:  0    Dex: 12    Spells: 5/9 levels left

rFire    . . .     SeeInvis .   (no weapon)
rCold    . . .     Faith    .   (no shield)
rNeg     . . .     Spirit   .   (helmet restricted)
rPois    .         Reflect  .   (no amulet)
rElec    .         Harm     .   (no ring)
rCorr    .         Rampage  .   (no ring)
Will     .....                  (no ring)
Stlth    +++.......             (no ring)
HPRegen  0.11/turn              (no ring)
MPRegen  0.11/turn              (no ring)
                                (no ring)
                                (no ring)

@: mighty, lethally poisoned (0 -> -7)
A: almost no armour, amphibious, 8 rings, camouflage 1, gelatinous body 1,
(nimble swimmer 1), tentacles
a: no special abilities


You were on level 3 of the Dungeon.
You visited 1 branch of the dungeon, and saw 3 of its levels.

You collected 82 gold pieces.

Inventory:

Missiles
 g - 3 boomerangs (quivered)
 h - 10 stones
Potions
 c - a potion of invisibility {unknown}


   Skills:
 + Level 1.5 Fighting
 + Level 2.8 Dodging
 + Level 3.7 Stealth
 + Level 2.6 Spellcasting
 + Level 1.5 Conjurations
 - Level 1.0 Transmutations
 + Level 3.5 Earth Magic


You had 5 spell levels left.
You knew the following spells:

 Your Spells              Type           Power      Damage    Failure   Level
a - Sandblast             Erth           30%        2d9       4%          1
b - Stone Arrow           Conj/Erth      22%        3d8       19%         3

Your spell library contained the following spells:

 Spells                   Type           Power      Damage    Failure   Level
 Passwall                 Tmut/Erth      8%         N/A       10%         2
 Petrify                  Tmut/Erth      10%        N/A       54%         4
 Iskenderun's Battlesphe  Conj           7%         2d6       94%         5
 Fireball                 Conj/Fire      2%         3d4       98%         5
 Conjure Ball Lightning   Conj/Air       2%         3x3d6     100%        6
 Orb of Destruction       Conj           3%         9d1       100%        7


Dungeon Overview and Level Annotations

Branches:
Dungeon (3/15)

Altars:

Portals:
Sewer: D:3


Innate Abilities, Weirdness & Mutations

You cannot wear most types of armour.
You are amphibious.
You can wear up to eight rings at the same time.
Your skin changes colour to match your surroundings (Stealth+).
Your rubbery body absorbs attacks. (AC +1, EV +1)
((You are camouflaged near water. (Stealth+)))
You have tentacles for arms and can constrict up to eight enemies at once.


Message History

The adder is heavily wounded.
You constrict the adder.
You feel sick. The adder completely misses you.
The giant cockroach bites you but does no damage.
The adder bites you but does no damage.
You tentacle-slap the giant cockroach.
You kill the giant cockroach!
You constrict the adder.
You feel sick. The adder misses you. The adder bites you.
You are more poisoned.
The adder poisons you! The adder bites you.
* * * LOW HITPOINT WARNING * * *
There is a lethal amount of poison in your body!
It was a potion of heal wounds.
You feel much better.
You constrict the adder.
You kill the adder!
You feel sick. The adder barely misses you.
You bludgeon the dart slug! You grab the dart slug.
The dart slug is almost dead.
You constrict the dart slug.
You kill the dart slug!
You feel sick. The adder bites you.
You are more poisoned.
The adder poisons you! The giant cockroach misses you. The adder bites you.
You feel sick. The adder bites you.
You are lethally poisoned!
The adder poisons you!
You miss the adder. Your grab misses the adder.
The adder is heavily wounded.
* * * LOW HITPOINT WARNING * * *
You feel very sick. The adder bites you.
* * * LOW HITPOINT WARNING * * *
You closely miss the adder. You grab the adder.
The adder is heavily wounded.
You constrict the adder.
* * * LOW HITPOINT WARNING * * *
You feel sick.
The giant cockroach bites you but does no damage.
The adder closely misses you. The giant cockroach barely misses you.
The giant cockroach closely misses you. The adder bites you.
You die...

##.#####..# ..#≈≈≈#.. ..
#. #$#≈≈≈#.#
.#.###.##.#≈∩≈#.#
.....#.#..#≈≈≈#.# #
#.....#..#≈≈≈#.#.#
#.......##'##...#
#.#.(...SBS..##
#.....[..B@...#
#.................
†.#####.......#.#.#.#...
#.......................
#####........#.#.#.#.#..
##.÷.###....?........ .
.#).###.....#.#.#.#.#
..))....#...[........
...######.!#.#.#.


You could see 2 adders and 2 giant cockroaches.

Vanquished Creatures
  An orc priest (D:3)
  3 adders
  A worm (D:2)
  3 dart slugs
  3 orcs (D:3)
  8 endoplasms
  5 giant cockroaches
  5 goblins
  2 hobgoblins (D:2)
  2 jackals (D:1)
  A quokka (D:2)
  7 ball pythons
  6 bats
  2 frilled lizards (D:1)
  5 kobolds
  4 rats
  A spectral kobold (D:1)
59 creatures vanquished.

Notes
Turn   | Place    | Note
-------+----------+-------------------------------------------
     0 | D:1      | ZARRMARR the Octopode Earth Elementalist began the quest
                  | for the Orb.
     0 | D:1      | Reached XP level 1. HP: 11/11 MP: 3/3
   114 | D:1      | Found a faded altar of an unknown god.
   320 | D:1      | Reached XP level 2. HP: 17/17 MP: 3/5
   914 | D:1      | Reached XP level 3. HP: 22/22 MP: 4/6
  1093 | D:1      | Learned a level 3 spell: Stone Arrow
  1175 | D:2      | Reached skill level 1 in Fighting
  1834 | D:2      | Reached skill level 1 in Conjurations
  2068 | D:2      | Reached XP level 4. HP: 28/28 MP: 0/7
  2800 | D:3      | Reached XP level 5. HP: 33/33 MP: 8/8
  2802 | D:3      | Found a glowing drain.
  2824 | D:3      | Slain by an adder

Illustrated notes

Levels and vault maps discovered:
D:1:      sevenhm_arrival_forest_fort_small_6, layout_basic,
          dreamdust_ecumenical_altar_drowned_temple
D:2:      minmay_diamond_boxcup, layout_basic, minmay_pentomino_q2
D:3:      layout_rooms, nicolae_sif_muna_condensation, gup_sewer_entry_glass,
          hex_medium, minmay_misc_feat_ornament

Skill      XL: |  1  2  3 |
---------------+----------+-----
Stealth        | 3 |  3.7
Fighting       | 1 |  1.5
Conjurations   | 1 |  1.5
Dodging        | |  2.8
Spellcasting   | |  2.6
Transmutations | |  1.0
Earth Magic    | |  3.5

Action                   |  1- 3 |  4- 6 || total
-------------------------+-------+-------++-------
Melee: Unarmed           |    12 |    21 ||    33
       Tentacles         |     3 |     3 ||     6
       Constrict         |     3 |     5 ||     8
Throw: Javelin           |    14 |     7 ||    21
       Stone             |     1 |       ||     1
 Cast: Sandblast         |    38 |     4 ||    42
       Stone Arrow       |    10 |     3 ||    13
  Use: Scroll            |       |     3 ||     3
       Potion            |       |     3 ||     3
Armor: Skin              |     3 |     3 ||     6
Dodge: Dodged            |    14 |    27 ||    41
